 Dungeon Crawl Stone Soup version 0.28.0 (webtiles) character file.

Game seed: 5171979417800035720

1409 horus123 the Conjurer (level 8, -2/58 HPs)
             Began as a Gnoll Conjurer on Feb 16, 2022.
             Was an Initiate of Vehumet.
             Slain by a centaur warrior zombie (10 damage)
             ... on level 6 of the Dungeon.
             The game lasted 00:15:50 (7853 turns).

horus123 the Conjurer (Gnoll Conjurer)              Turns: 7853, Time: 00:15:50

Health: -2/58      AC:  3    Str:  6    XL:     8   Next: 70%
Magic:  11/26      EV: 13    Int: 20    God:    Vehumet [......]
Gold:   252        SH:  0    Dex: 11    Spells: 8/19 levels left

rFire   . . .      SeeInvis .   n - +0 great sword
rCold   . . .      Faith    .   (shield currently unavailable)
rNeg    . . .      Spirit   .   a - +0 robe
rPois   .          Reflect  .   (no helmet)
rElec   .          Harm     .   (no cloak)
rCorr   .          Rampage  .   (no gloves)
Will    .....                   m - +0 pair of boots
Stlth   +++.......              (no amulet)
HPRegen 0.19/turn               o - ring of wizardry
MPRegen 0.20/turn               t - ring of magical power

@: no status effects
A: fangs 1, strong nose, distributed training
a: Renounce Religion


You were on level 6 of the Dungeon.
You worshipped Vehumet.
Vehumet was noncommittal.
You visited 2 branches of the dungeon, and saw 7 of its levels.

You collected 252 gold pieces.

Inventory:

Hand Weapons
 g - a +0 hunting sling of freezing
 n - a +0 great sword (weapon)
Missiles
 e - 6 poisoned darts
 h - 3 throwing nets
Armour
 a - a +0 robe (worn)
 m - a +0 pair of boots (worn)
Jewellery
 k - a ring of ice
 o - a ring of wizardry (left hand)
 r - a +6 ring of dexterity
 t - a ring of magical power (right hand)
Scrolls
 b - 2 scrolls of immolation
 d - a scroll of silence
 l - a scroll of amnesia
Potions
 c - 2 potions of heal wounds
 f - 3 potions of haste
 i - a potion of attraction {unknown}
 j - a potion of flight {unknown}
 p - a potion of brilliance {unknown}
 s - 3 potions of mutation {unknown}


   Skills:
 + Level 3.5 Fighting
 + Level 3.5 Short Blades
 + Level 3.5 Long Blades
 + Level 3.5 Axes
 + Level 3.5 Maces & Flails
 + Level 3.5 Polearms
 + Level 3.5 Staves
 + Level 3.5 Slings
 + Level 3.5 Bows
 + Level 3.5 Crossbows
 + Level 3.5 Throwing
 + Level 3.5 Armour
 + Level 5.8 Dodging
 + Level 5.5 Stealth
 + Level 3.5 Shields
 + Level 3.5 Unarmed Combat
 + Level 6.1 Spellcasting
 + Level 7.7 Conjurations
 + Level 2.8 Hexes
 + Level 2.8 Summonings
 + Level 2.8 Necromancy
 + Level 2.8 Translocations
 + Level 2.8 Transmutations
 + Level 2.8 Fire Magic
 + Level 2.8 Ice Magic
 + Level 2.8 Air Magic
 + Level 2.8 Earth Magic
 + Level 2.8 Poison Magic
 + Level 3.8 Invocations
 + Level 3.5 Evocations


You had 8 spell levels left.
You knew the following spells:

 Your Spells              Type           Power      Damage    Failure   Level
a - Magic Dart            Conj           100%       1d8       1%          1
b - Searing Ray           Conj           74%        2d7       1%          2
c - Fulminant Prism       Conj/Hex       13%        3d9       4%          4
d - Iskenderun's Mystic   Conj/Tloc      27%        2d7       4%          4

Your spell library contained the following spells:

 Spells                   Type           Power      Damage    Failure   Level
 Animate Skeleton         Necr           34%        N/A       1%          1
 Apportation              Tloc           34%        N/A       1%          1
 Summon Small Mammal      Summ           68%        N/A       1%          1
 Dazzling Flash           Conj/Hex       54%        N/A       1%          3


Dungeon Overview and Level Annotations

Branches:
Dungeon (6/15)             Temple (1/1) D:4

Altars:
Ashenzari
Dithmenos
Fedhas
Hepliaklqana
Kikubaaqudgha
Nemelex Xobeh
Okawaru
Ru
Vehumet
Xom
The Shining One

Shops:
D:1 ((


Innate Abilities, Weirdness & Mutations

You have very sharp teeth.
Your uncanny sense of smell can sniff out nearby items.
Your experience applies equally to all skills.


Message History

Casting: Searing Ray (safe; 1% risk of failure)
Confirm with . or Enter, or press ? or * to list all spells.
Aiming: Searing Ray (safe; 1% risk of failure)
Press: ? - help, Shift-Dir - straight line, f - Grinder
Aim: Grinder (severely wounded, strong, 78% to hit)
The searing ray hits Grinder!
Grinder is almost dead. (Press . to maintain the ray.) Grinder hits you.
You writhe in agony.
The searing ray hits Grinder.
You kill Grinder!
Vehumet accepts your kill. The centaur warrior zombie hits you.
The centaur warrior zombie kicks you.
The searing ray hits the centaur warrior zombie!
The centaur warrior zombie is heavily damaged.
The centaur warrior zombie hits you!
The centaur warrior zombie kicks you but does no damage.
The searing ray hits the centaur warrior zombie.
The centaur warrior zombie is heavily damaged.
You finish channelling your searing ray.
The centaur warrior zombie hits you. The centaur warrior zombie kicks you.
* * * LOW HITPOINT WARNING * * *
Casting: Searing Ray (safe; 1% risk of failure)
Confirm with . or Enter, or press ? or * to list all spells.
Aiming: Searing Ray (safe; 1% risk of failure)
Press: ? - help, Shift-Dir - straight line, f - centaur warrior zombie
Aim: a centaur warrior zombie (heavily damaged, 98% to hit)
The searing ray hits the centaur warrior zombie!
The centaur warrior zombie is severely damaged. (Press . to maintain the ray.)
The centaur warrior zombie barely misses you.
The centaur warrior zombie kicks you.
* * * LOW HITPOINT WARNING * * *
The centaur warrior zombie hits you!
* * * LOW HITPOINT WARNING * * *
The centaur warrior zombie closely misses you.
The searing ray hits the centaur warrior zombie!
The centaur warrior zombie is severely damaged.
The centaur warrior zombie hits you!
You die...

. . #. ∆ .## 5. #. #.#
# ... #. ..### .#..#.
#. #.##.## #...... #.
#.# #.###....... #.
#.# #.@#........
#.#####.###.#Z#.^..o..
#...........#.#(......
#####.(...###.....l..o
#.#.#.# ###....!..
#.#..... .......
#.###.##.# ....... #..
..# ......#.# ### ###
## ###


You could see a centaur warrior zombie.

Vanquished Creatures
  Grinder (D:6)
  A black bear (D:4)
  2 ogres
  A necrophage (D:4)
  A bullfrog (D:4)
  A scorpion (D:5)
  4 wights (D:6)
  A bullfrog zombie (D:5)
  2 jellies
  An orc priest (D:4)
  5 iguanas
  Terence (D:2)
  An orc wizard (D:4)
  3 hound skeletons
  6 gnolls
  6 adders
  A white imp (D:5)
  An ufetubus (D:5)
  A worm (D:3)
  4 dart slugs
  4 orcs (D:4)
  14 endoplasms
  11 giant cockroaches
  10 goblins
  6 hobgoblins
  12 jackals
  4 quokkas
  2 ball pythons (D:4)
  5 bats
  3 frilled lizards
  A jackal skeleton (D:4)
  4 kobolds
  A quokka skeleton (D:4)
  11 rats
132 creatures vanquished.

Notes
Turn   | Place    | Note
-------+----------+-------------------------------------------
     0 | D:1      | horus123 the Gnoll Conjurer began the quest for the Orb.
     0 | D:1      | Reached XP level 1. HP: 13/13 MP: 6/6
     1 | D:1      | Found a runed translucent door.
    37 | D:1      | Found a faded altar of an unknown god.
   243 | D:1      | Reached XP level 2. HP: 19/19 MP: 2/7
   246 | D:1      | Learned a level 2 spell: Searing Ray
   603 | D:1      | Reached XP level 3. HP: 25/25 MP: 6/9
   762 | D:1      | Found Plog's Antique Weapon Boutique.
   790 | D:1      | Reached skill level 5 in Spellcasting
   870 | D:1      | Found Gul Vux's Weapon Emporium.
  1286 | D:1      | Reached skill level 1 in Invocations
  1423 | D:1      | Reached skill level 1 in Fighting
  1423 | D:1      | Reached skill level 1 in Short Blades
  1423 | D:1      | Reached skill level 1 in Long Blades
  1423 | D:1      | Reached skill level 1 in Axes
  1423 | D:1      | Reached skill level 1 in Maces & Flails
  1423 | D:1      | Reached skill level 1 in Polearms
  1423 | D:1      | Reached skill level 1 in Staves
  1423 | D:1      | Reached skill level 1 in Slings
  1423 | D:1      | Reached skill level 1 in Bows
  1423 | D:1      | Reached skill level 1 in Crossbows
  1423 | D:1      | Reached skill level 1 in Throwing
  1423 | D:1      | Reached skill level 1 in Armour
  1423 | D:1      | Reached skill level 1 in Shields
  1423 | D:1      | Reached skill level 1 in Unarmed Combat
  1423 | D:1      | Reached skill level 1 in Evocations
  1910 | D:2      | Reached XP level 4. HP: 32/32 MP: 8/11
  1990 | D:2      | Noticed Terence
  2026 | D:2      | Killed Terence
  2157 | D:2      | Reached skill level 1 in Hexes
  2157 | D:2      | Reached skill level 1 in Summonings
  2157 | D:2      | Reached skill level 1 in Necromancy
  2157 | D:2      | Reached skill level 1 in Translocations
  2157 | D:2      | Reached skill level 1 in Transmutations
  2157 | D:2      | Reached skill level 1 in Fire Magic
  2157 | D:2      | Reached skill level 1 in Ice Magic
  2157 | D:2      | Reached skill level 1 in Air Magic
  2157 | D:2      | Reached skill level 1 in Earth Magic
  2157 | D:2      | Reached skill level 1 in Poison Magic
  2337 | D:2      | Reached XP level 5. HP: 32/37 MP: 4/12
  4201 | D:4      | Noticed a necrophage
  4210 | D:4      | Killed a necrophage
  4211 | D:4      | Reached XP level 6. HP: 40/44 MP: 3/14
  4463 | D:4      | Reached skill level 5 in Dodging
  4593 | D:4      | Learned a level 4 spell: Fulminant Prism
  4598 | D:4      | Learned a level 4 spell: Iskenderun's Mystic Blast
  5259 | D:4      | Reached XP level 7. HP: 50/50 MP: 12/15
  5986 | D:4      | Found a staircase to the Ecumenical Temple.
  5999 | Temple   | Entered the Ecumenical Temple
  6077 | Temple   | Became a worshipper of Vehumet
  6349 | D:4      | Reached skill level 5 in Stealth
  6466 | D:5      | Entered Level 5 of the Dungeon
  6959 | D:5      | Reached XP level 8. HP: 57/57 MP: 8/16
  7758 | D:6      | Noticed Grinder
  7849 | D:6      | Killed Grinder
  7853 | D:6      | Slain by a centaur warrior zombie

Illustrated notes

Levels and vault maps discovered:
D:1:      dpeg_arrival_caged_fury, layout_loops_corners, serial_shops,
          nicolae_shop_bloodbath_and_beyond, shop,
          ebering_ecumenical_altar_hall, hangedman_decor_growths
D:2:      layout_basic, nrook_mini_backslash, uniq_terence
D:3:      layout_basic
D:4:      minmay_chambers_of_twos, layout_basic, minmay_temple_entry_wispy,
          grunt_ministairs_12, minmay_misc_feat_four_crosses,
          minmay_increasing_density
D:5:      layout_basic, chequers_serial_rivers_micro_b
D:6:      layout_loops_ring, nicolae_gozag_seed_capital,
          minmay_misc_feat_diagonals, uniq_grinder
Temple:   mainiacjoe_temple_circle_huts

Skill      XL: |  1  2  3  4  5  6  7  8 |
---------------+-------------------------+-----
Spellcasting   | 5 6 |  6.1
Invocations    | 1 2 3 |  3.8
Fighting       | 1 2 3 |  3.5
Short Blades   | 1 2 3 |  3.5
Long Blades    | 1 2 3 |  3.5
Axes           | 1 2 3 |  3.5
Maces & Flails | 1 2 3 |  3.5
Polearms       | 1 2 3 |  3.5
Staves         | 1 2 3 |  3.5
Slings         | 1 2 3 |  3.5
Bows           | 1 2 3 |  3.5
Crossbows      | 1 2 3 |  3.5
Throwing       | 1 2 3 |  3.5
Armour         | 1 2 3 |  3.5
Shields        | 1 2 3 |  3.5
Unarmed Combat | 1 2 3 |  3.5
Evocations     | 1 2 3 |  3.5
Hexes          | 1 2 |  2.8
Summonings     | 1 2 |  2.8
Necromancy     | 1 2 |  2.8
Translocations | 1 2 |  2.8
Transmutations | 1 2 |  2.8
Fire Magic     | 1 2 |  2.8
Ice Magic      | 1 2 |  2.8
Air Magic      | 1 2 |  2.8
Earth Magic    | 1 2 |  2.8
Poison Magic   | 1 2 |  2.8
Dodging        | 5 |  5.8
Stealth        | 5 |  5.5
Conjurations   | |  7.7

Action                   |  1- 3 |  4- 6 |  7- 9 || total
-------------------------+-------+-------+-------++-------
Melee: Great sword       |       |       |     3 ||     3
 Cast: Magic Dart        |    57 |    94 |    99 ||   250
       Searing Ray       |     4 |    14 |    17 ||    35
  Use: Scroll            |     2 |     7 |     2 ||    11
Armor: Robe              |     3 |     4 |     5 ||    12
Dodge: Dodged            |    11 |    14 |    35 ||    60
